Map: Acid Plant LE

Players

Semper

  • Race: Terran Terran
  • Spawn Location: 5:00

DnS - Winner!

  • Race: Protoss Protoss
  • Spawn Location: 11:00

Event: WCS Austin 2018

VOD

Have the link to the VOD?

Description

Time

  • Played on: June 1, 2018, 5:55 p.m.
  • Length: 11:18

All games in this series

Show
View Real Time Build Order
Export as new Build Order

Semper Terran 

Build Orders: Reaper Expand, MMM Bio 

Get SALT Encoding   

  12  0:00  SCV  
  13  0:12  SCV  
  14  0:17  Supply Depot  
  14  0:24  SCV  
  15  0:38  SCV  
  15  0:39  Barracks  
  16  0:44  Refinery  
  16  0:50  SCV  
  17  1:02  SCV  
  18  1:15  SCV  
  19  1:27  Orbital Command, Reaper  
  20  1:43  Command Center  
  20  1:53  SCV  
  21  1:56  Supply Depot  
  21  1:59  Marine  
  22  2:04  Refinery  
  22  2:08  SCV  
  23  2:16  Factory  
  23  2:22  SCV  
  24  2:23  Barracks Reactor  
  24  2:34  SCV  
  25  2:46  SCV  
  26  2:58  Orbital Command, SCV  
  26  3:00  Marine x2  
  26  3:01  Armory  
  26  3:03  Starport  
  29  3:07  Widow Mine  
  29  3:11  SCV  
  31  3:18  Marine x2  
  33  3:24  SCV x2  
  35  3:28  Widow Mine  
  35  3:32  Barracks  
  37  3:36  SCV  
  37  3:38  SCV  
  37  3:40  Medivac  
  41  3:45  Supply Depot  
  42  3:48  SCV  
  42  3:50  SCV  
  42  3:52  Marine  
  42  3:53  Marine  
  42  3:54  Factory Tech Lab  
  45  4:00  SCV  
  46  4:04  Barracks  
  46  4:06  SCV  
  46  4:08  Supply Depot  
  47  4:12  Engineering Bay  
  47  4:15  Marine x2  
  47  4:16  SCV  
  50  4:19  SCV  
  50  4:23  Starport Tech Lab  
  51  4:29  Stimpack, SCV  
  51  4:31  Supply Depot, SCV  
  53  4:36  Bunker  
  53  4:42  Marine x2, Missile Turret  
  53  4:43  Marine  
  53  4:44  SCV  
  57  4:49  SCV  
  57  4:50  Factory Reactor  
  58  4:52  Starport Reactor  
  58  4:56  SCV  
  58  4:58  Supply Depot  
  59  5:02  SCV  
  59  5:06  Marine x2  
  64  5:07  Marauder  
  64  5:10  SCV  
  64  5:15  Combat Shields  
  64  5:16  Missile Turret  
  64  5:17  Supply Depot  
  64  5:18  SCV  
  64  5:21  Supply Depot  
  65  5:26  Refinery  
  65  5:27  Refinery, Marine  
  66  5:31  Medivac  
  66  5:34  Medivac  
  70  5:36  SCV  
  70  5:37  SCV  
  72  5:43  Supply Depot  
  72  5:46  Marauder  
  72  5:47  Marauder  
  72  5:48  Marine  
  67  5:53  Terran Infantry Weapons Level 1  
  67  5:55  Marine  
  67  5:56  SCV  
  69  6:00  Widow Mine  
  69  6:01  Widow Mine  
  73  6:08  Marauder, Supply Depot  
  73  6:09  Medivac x2  
  79  6:13  Marauder  
  79  6:15  SCV  
  79  6:16  SCV  
  83  6:22  Marine x2  
  83  6:25  Widow Mine x2  
  89  6:30  Concussive Shells  
  89  6:34  Marauder  
  89  6:36  Supply Depot, SCV x2  
  93  6:40  Marine  
  93  6:41  Marauder  
  96  6:48  Marine  
  96  6:50  Widow Mine x2  
  101  6:55  Marauder  
  101  6:58  Marine  
  101  6:59  Supply Depot  
  104  7:04  Marauder  
  104  7:05  Medivac x2  
  110  7:13  Command Center  
  108  7:25  Marauder, Marine  
  109  7:34  Marine  
  109  7:35  Marauder  
  112  7:38  SCV x2  
  112  7:40  Supply Depot  
  112  7:42  Barracks x2  
  112  7:43  Marine  
  115  7:45  Widow Mine x2  
  115  7:46  Marine  
  114  7:53  Marine  
  114  7:56  Marauder  
  114  7:58  SCV  
  118  7:59  Liberator  
  118  8:01  Terran Infantry Armor Level 1  
  118  8:04  Armory  
  118  8:05  Engineering Bay, Marauder  
  120  8:08  Marine  
  120  8:10  Marine  
  122  8:18  Marauder  
  126  8:33  Liberator, Marine x2  
  126  8:34  Marauder, Marine  
  131  8:39  Marauder  
  127  8:42  Liberator, Marine  
  128  8:49  Widow Mine  
  128  8:51  Marine x2  
  128  8:55  Marauder  
  136  8:56  Orbital Command  
  136  8:57  SCV x2  
  136  9:00  Marauder  
  128  9:09  Marine x2  
  129  9:10  Barracks Reactor  
  129  9:11  Barracks Tech Lab  
  129  9:16  Marauder, Widow Mine x2  
  135  9:19  Orbital Command  
  135  9:21  Marine  
  137  9:24  SCV x2, Missile Turret  
  137  9:27  Marine  
  139  9:34  Marine  
  139  9:35  Marauder  
  139  9:38  Marauder  
  144  9:39  Starport, Fusion Core  
  144  9:42  SCV  
  144  9:43  SCV  
  147  9:45  SCV  
  147  9:48  Missile Turret  
  147  9:49  Liberator  
  147  9:50  Supply Depot  
  147  9:51  Supply Depot  
  147  9:55  Refinery, SCV x2  
  147  9:57  Refinery  
  148  10:03  Marine  
  148  10:04  Marine  
  148  10:05  Marauder  
  149  10:11  Marine x2  
  149  10:12  Marauder  
  136  10:16  SCV  
  136  10:17  Marine  
  136  10:19  SCV  
  114  10:21  Marine  
  114  10:22  Marine  
  114  10:23  SCV  
  114  10:26  Marine  
  106  10:29  Marine x2  
  106  10:31  SCV  
  106  10:33  SCV  
  106  10:35  Marine  
  81  10:38  Marine  
  81  10:39  Marine  
  77  10:44  Marine  
  77  10:45  Marine  
  70  10:56  Marine  
  60  10:57  Marine  
  60  10:58  Marine  
Show
View Real Time Build Order
Export as new Build Order

DnS Protoss - Winner!

Build Orders: 1 Gate Expand, Blink Stalkers, Dark Templar Rush 

Get SALT Encoding   

  12  0:00  Probe  
  13  0:12  Probe  
  14  0:17  Pylon  
  14  0:23  Probe  
  15  0:32  Probe  
  15  0:37  Gateway  
  15  0:40  Probe  
  16  0:46  Assimilator  
  17  0:51  Probe  
  18  1:03  Probe  
  19  1:15  Probe  
  20  1:23  Nexus  
  20  1:31  Cybernetics Core  
  20  1:35  Probe  
  21  1:41  Assimilator  
  21  1:47  Probe  
  21  1:51  Pylon  
  22  1:59  Probe  
  22  2:00  Adept  
  23  2:08  Warp Gate  
  23  2:11  Probe  
  26  2:17  Stalker  
  26  2:19  Twilight Council  
  26  2:23  Probe  
  29  2:32  Probe  
  29  2:35  Probe  
  31  2:40  Probe  
  32  2:47  Probe  
  32  2:50  Probe  
  33  2:53  Blink  
  34  2:59  Probe  
  34  3:00  Dark Shrine  
  34  3:02  Probe  
  36  3:11  Gateway  
  36  3:12  Probe  
  37  3:14  Probe  
  38  3:21  Gateway  
  38  3:24  Probe  
  38  3:26  Probe  
  40  3:33  Stalker  
  42  3:36  Probe  
  42  3:38  Probe  
  42  3:40  Pylon  
  44  3:43  Assimilator  
  44  3:46  Assimilator  
  44  3:48  Probe  
  44  3:50  Probe  
  46  3:57  Pylon  
  46  4:00  Probe  
  46  4:02  Probe  
  48  4:12  Probe  
  48  4:14  Probe  
  48  4:16  Dark Templar x2  
  54  4:20  Stalker  
  56  4:25  Probe  
  56  4:26  Probe  
  56  4:29  Pylon  
  58  4:33  Robotics Facility  
  58  4:43  Dark Templar  
  56  4:49  Nexus  
  56  4:52  Probe x2  
  58  4:55  Stalker  
  60  5:04  Stalker  
  62  5:07  Probe x2  
  62  5:08  Charge  
  64  5:16  Pylon  
  64  5:18  Stalker  
  64  5:19  Probe x2  
  68  5:21  Observer  
  69  5:29  Forge  
  69  5:31  Probe  
  69  5:32  Forge  
  69  5:34  Probe  
  71  5:36  Pylon  
  71  5:40  Protoss Ground Armor Level 1  
  71  5:43  Probe  
  71  5:46  Probe  
  73  5:50  Protoss Ground Weapons Level 1  
  73  5:55  Probe  
  73  5:56  Gateway x2  
  74  5:57  Gateway  
  74  5:58  Probe  
  74  6:00  Sentry x2  
  74  6:01  Sentry  
  74  6:03  Probe  
  82  6:05  Observer  
  82  6:07  Probe  
  82  6:11  Probe  
  85  6:19  Gateway  
  85  6:20  Gateway  
  85  6:23  Pylon  
  85  6:27  Observer  
  85  6:30  Zealot x3  
  92  6:34  Pylon  
  92  6:36  Pylon  
  91  6:48  Immortal  
  91  6:53  Zealot x4, Pylon  
  103  6:58  Zealot x2  
  107  7:03  Pylon  
  107  7:04  Pylon  
  106  7:18  Zealot x6  
  116  7:24  Protoss Ground Armor Level 2, Protoss Ground Weapons Level 2  
  116  7:26  Stalker x2  
  116  7:27  Observer, Probe  
  116  7:29  Pylon  
  120  7:45  Stalker x6  
  130  7:54  Pylon  
  130  7:57  Zealot x2  
  133  8:06  Assimilator, Immortal  
  133  8:11  Zealot, Dark Templar  
  133  8:12  Zealot x2  
  145  8:26  Pylon  
  145  8:27  Pylon  
  145  8:28  Pylon  
  139  8:43  Zealot  
  139  8:44  Zealot x4  
  149  8:49  Immortal  
  149  9:00  Zealot x3  
  153  9:06  Zealot x5  
  153  9:08  Probe  
  153  9:09  Probe  
  165  9:11  Pylon  
  165  9:13  Pylon  
  165  9:17  Assimilator  
  165  9:20  Warp Prism  
  165  9:30  Nexus  
  166  9:31  Templar Archives, Pylon  
  166  9:43  Stalker x4  
  174  9:48  Pylon  
  174  9:53  Stalker  
  174  9:54  Stalker x2  
  174  9:55  Observer  
  131  10:19  Zealot x8  
  96  10:39  Stalker x3  
  96  10:40  Stalker x3  
  92  10:53  Zealot x2  
  86  11:02  Stalker x2  
  86  11:03  Stalker x2  
  90  11:13  Dark Templar  
  90  11:14  Zealot x2  
Tags
 
Add a new tag
Caveats
  • Supply blocks, unpowered buildings, or Contaminate may cause inaccurate times.
  • Supply counts are checked every 10 seconds.